 Dungeon Crawl Stone Soup version 0.22-a0-369-gc73351f (webtiles) character file.

95247 iamserjio the Spry (level 15, -1/103 HPs)
             Began as a Felid Enchanter on Apr 24, 2018.
             Was a High Priest of Nemelex Xobeh.
             Succumbed to a redback's poison
             ... on level 2 of the Spider Nest.
             The game lasted 05:24:29 (56496 turns).

iamserjio the Spry (Felid Enchanter)               Turns: 56496, Time: 05:24:30

Health: -1/103     AC: 19    Str:  9    XL:     15   Next: 29%
Magic:  14/24      EV:  4    Int: 17    God:    Nemelex Xobeh [*****.]
Gold:   2259       SH:  0    Dex: 18    Spells: 2/24 levels left
                                        Lives:  0   Deaths: 3

rFire    x . .     SeeInvis +     - Unarmed
rCold    + . .     Gourm    .   (shield unavailable)
rNeg     + + +     Faith    .   (armour unavailable)
rPois    +         Spirit   +   (helmet unavailable)
rElec    .         Reflect  .   (cloak unavailable)
rCorr    .         Harm     .   (gloves unavailable)
MR       ++...     NoTele   +   (boots unavailable)
Stlth    ++++......             a - amulet of guardian spirit
HPRegen  0.27/turn              C - +4 ring of evasion
MPRegen  0.19/turn              F - ring of Reimbursement {Ice rPois}

@: lethally poisoned (-1 -> -36), tree-form, corroded, heavily drained
A: very small, no armour, no weapons or thrown items, stealth, see invisible,
carnivore, frail 1, slow metabolism 1
}: 1/15 runes: decaying
a: Triple Draw, Deal Four, Stack Five, Renounce Religion


You were on level 2 of the Spider Nest.
You worshipped Nemelex Xobeh.
Nemelex Xobeh was extremely pleased with you.
You were not hungry.
You were a tree.
You visited 8 branches of the dungeon, and saw 34 of its levels.
You also visited: Labyrinth.

You collected 3207 gold pieces.
You spent 948 gold pieces at shops.

Inventory:

Jewellery
 a - an amulet of guardian spirit (around neck)
 f - an uncursed ring of protection from magic
 k - an uncursed ring of protection from cold
 q - an uncursed ring of magical power
 C - a +4 ring of evasion (left branch)
 F - the ring of Reimbursement (right branch) {Ice rPois}
   (You took it off a minotaur in a labyrinth)

   [ring of ice]

   It enhances your ice magic.
   It makes you vulnerable to fire.
   It protects you from cold.
   It protects you from poison.
 N - an uncursed amulet of regeneration
 O - an uncursed ring of resist corrosion
 R - an uncursed ring of protection from fire
Wands
 y - a wand of enslavement (30)
 E - a wand of paralysis (34)
Scrolls
 e - a scroll of magic mapping
 h - 4 scrolls of amnesia
 j - 3 scrolls of fog
 o - 2 scrolls of identify
 p - 5 scrolls of teleportation
 r - 15 scrolls of remove curse
 x - 9 scrolls of fear
 A - 2 scrolls of holy word
 S - a scroll of blinking
Potions
 c - 2 potions of magic
 i - a potion of invisibility
 l - 7 potions of brilliance
 m - 5 potions of cancellation
 s - 3 potions of haste
 B - 5 potions of might
 D - a potion of berserk rage
 I - 2 potions of agility
 M - 2 potions of resistance
 V - a potion of lignification
Miscellaneous
 n - a legendary deck of escape {drawn: 9}
 u - a legendary deck of destruction
 w - an ornate deck of destruction {drawn: 4}
 z - a legendary deck of escape {Velocity, left: 4}
 J - an ornate deck of destruction {drawn: 9}
 K - a legendary deck of destruction
 P - a plain deck of destruction {drawn: 4}
 Q - a plain deck of destruction
 W - a plain deck of destruction
 Y - a legendary deck of destruction {the Storm, left: 1}
Comestibles
 b - 47 rations


   Skills:
 + Level 15.1(12.7) Fighting
 - Level 18.6(15.9) Dodging
 - Level 10.0(7.8) Stealth
 - Level 13.8(11.4) Unarmed Combat
 - Level 5.0(3.1) Spellcasting
 - Level 13.0(10.7) Hexes
 - Level 10.0(7.9) Transmutations
 * Level 5.4(3.5) Earth Magic
 - Level 11.0(8.8) Invocations


You had 2 spell levels left.
You knew the following spells:

 Your Spells              Type           Power        Failure   Level  Hunger
a - Petrify               Tmut/Erth      ###.....     16%         4    ####...
b - Confuse               Hex            #####...     1%          3    ###....
d - Tukima's Dance        Hex            #####...     1%          3    ###....
e - Yara's Violent Unrav  Hex/Tmut       ####......   11%         5    ######.
f - Confusing Touch       Hex            #####.       1%          1    None
g - Cause Fear            Hex            #####.....   2%          4    ####...
i - Apportation           Tloc           #.....       17%         1    None
j - Sandblast             Erth           ##....       4%          1    None


Dungeon Overview and Level Annotations

Branches:
Dungeon (15/15)            Temple (1/1) D:4            Lair (6/6) D:10
  Swamp (4/4) Lair:4       Spider (4/4) Lair:4        Slime (0/5) Lair:6
    Orc (2/2) D:12            Elf (1/3) Orc:2        Vaults (0/5) D:14
 Depths (1/5) D:15

Altars:
Cheibriados
Elyvilon
Fedhas
Gozag
Kikubaaqudgha
Nemelex Xobeh
Okawaru
Qazlal
Ru
Sif Muna
Trog
Vehumet
Wu Jian
Xom
Yredelemnul
Zin
The Shining One
Beogh

Shops:
D:11 (   Orc:2 [:*(

Portals:
Ziggurat: Depths:1
Trove: D:14 (give 6 potions of haste)

Annotations:
D:3 zero's ghost, amateur SpEn


Innate Abilities, Weirdness & Mutations

You cannot wear armour.
You are incapable of wielding weapons or throwing items.
Your paws allow you to move quietly. (Stealth)
((You have sharp claws.))
((You have razor-sharp teeth.))
You have supernaturally acute eyesight. (SInv)
You are carnivorous and can eat meat at any time.
((You cover ground quickly.))
((Your thick and shaggy fur keeps you warm. (AC +3, rC+)))
You have a slow metabolism.
((Your sharp claws are effective at attacking unaware monsters.))
((You are partially covered in large bone plates. (SH +4)))
You are frail. (-10% HP)


Message History

You completely miss the redback.
The redback is heavily wounded.
The redback bites you but does no damage.
The redback bites you!
* * * LOW HITPOINT WARNING * * *
You are lethally poisoned!
The redback poisons you!
The redback bites you but does no damage.
Okay, then.
Press: ? - help, v - describe, . - travel
Here: a redback (heavily wounded, clinging)
The floor.
Unknown command.
Okay, then.
Evoke which item? (* to show all) (? for menu, Esc to quit)
Okay, then.
Okay, then.
Magic courses through your body.
You die...
Your body disappears without a glow.

#.####...........#....# #
#### #...........###..# #
#.# #...........# ######
#.# #..........## #.###.
#.#####.####...### ##....
#....^.## #.### #...#.
######.######### ##..###
#^####....#####.### #
#..#♣#.....##..## #
#^.#ss.........# #
##............## ##
##............#####.
##...............^...
######...##.........####..
#...#..#............# ##..
####.......###.....## #...
#......## ###...# ##...


You could see 2 redbacks.

Vanquished Creatures
  Arachne (Spider:2)
  A thorn hunter (Swamp:2)
  Agnes (D:15)
  An azure jelly (Swamp:4)
  Roxanne (Spider:1)
  An orc warlord (Orc:2)
  2 emperor scorpions
  A stone giant (Orc:1)
  2 entropy weavers (Spider:2)
  A minotaur (Lab)
  An ettin (Orc:1)
  Josephine (Orc:1)
  Erolcha (D:13)
  An ogre mage (D:15)
  An ice dragon (Swamp:4)
  8 hydras
  A ghost crab (Swamp:3)
  4 centaur warriors
  The ghost of Uberwunderbarhen the Grappler, a novice TrMo of Qazlal (D:9)
  Erica (Lair:2)
  A death yak (Lair:4)
  13 alligators
  14 two-headed ogres
  A hell hog (D:14)
  5 tengu warriors
  A queen ant (Spider:3)
  3 orc high priests
  Urug (D:10)
  A deep elf knight (Elf:1)
  2 skeletal warriors (D:13)
  6 unseen horrors
  A swamp dragon (Swamp:2)
  A spriggan druid (Swamp:3)
  A glowing orange brain (D:15)
  2 shambling mangroves
  2 orc knights
  A shining eye (shapeshifter) (D:15)
  2 orc sorcerers
  9 wolf spiders
  14 deep elf magi
  A manticore (D:11)
  A necromancer (D:14)
  A faun (Swamp:4)
  12 ugly things
  3 cyclopes
  9 orb spiders
  Joseph (D:7)
  4 elephants
  A black mamba (Lair:6)
  Maurice (Orc:1)
  2 torpor snails (Lair:6)
  2 gargoyles (D:15)
  21 spiny frogs
  3 kobold demonologists
  2 spiny frogs (shapeshifter)
  2 rime drakes
  A demonic crawler (Spider:1)
  2 freezing wraiths (Swamp:4)
  2 tengu conjurers (D:15)
  A jumping spider (shapeshifter) (D:14)
  6 komodo dragons
  5 trolls
  10 tyrant leeches
  A queen bee (shapeshifter) (D:13)
  12 jumping spiders
  A merfolk (D:14)
  7 hornets
  8 polar bears
  12 hippogriffs
  16 slime creatures
  Prince Ribbit (D:7)
  8 bog bodies
  4 blink frogs
  A dream sheep (Lair:6)
  A water elemental (Elf:1)
  11 spriggans
  28 redbacks
  41 yaks
  A tarantella (shapeshifter) (D:15)
  11 tarantellas
  4 wraiths
  A basilisk (shapeshifter) (D:15)
  2 wyverns
  4 fire elementals
  A basilisk (Lair:2)
  A yak (shapeshifter) (D:14)
  4 hungry ghosts
  A golden eye (Lair:6)
  4 swamp worm simulacra (Swamp:4)
  19 vampire mosquitoes
  Menkaure (D:7)
  8 insubstantial wisps
  14 swamp worms
  4 wargs
  An acid dragon (D:13)
  A two-headed ogre zombie (D:12)
  Edmund (D:6)
  8 soldier ants
  13 hydra simulacra (Swamp:4)
  4 hell hounds
  7 water moccasins
  11 porcupines
  5 swamp drakes
  4 ice beasts
  3 black bears (Lair:6)
  2 eyes of draining
  25 orc warriors
  3 phantoms
  6 sky beasts
  24 wolves
  27 centaurs
  9 ogres
  7 boggarts
  17 crocodiles
  4 big kobolds
  15 bullfrogs
  A wyvern skeleton (D:11)
  7 scorpions
  8 killer bees
  A troll zombie (D:12)
  An electric eel (Spider:1)
  4 wights (D:12)
  3 bullfrog zombies
  13 crimson imps
  7 hounds
  5 centaur zombies
  5 jellies
  A hound (shapeshifter) (Swamp:4)
  18 orc priests
  28 orc wizards
  3 centaur skeletons
  A bullfrog skeleton (D:5)
  An iguana (D:4)
  Natasha (thrice) (D:3)
  24 worker ants
  6 ogre zombies (D:12)
  A hound skeleton (D:8)
  2 howler monkey zombies
  9 adders
  A shadow imp (D:6)
  An ooze (D:2)
  3 swamp drake simulacra (Swamp:4)
  An adder zombie (D:6)
  5 worms
  3 dart slugs
  3 leopard geckos
  65 orcs
  A ball python (D:2)
  A ball python (shapeshifter) (D:15)
  6 bats
  3 giant cockroaches
  6 goblins
  5 hobgoblins
  5 quokkas
  6 frilled lizards
  2 gnoll zombies (D:2)
  A goblin skeleton (D:12)
  A goblin zombie (D:12)
  5 hobgoblin zombies (D:12)
  2 jackal skeletons
  15 kobolds
  2 leopard gecko zombies
  4 orc skeletons (D:12)
  14 orc zombies (D:12)
  3 rats (D:2)
  A briar patch (Swamp:4)
  A fungus (Lair:3)
  A plant (Lair:3)
954 creatures vanquished.

Vanquished Creatures (collateral kills)
  2 thorn hunters
  The ghost of p0werm0de the Pandemonic, a journeyman DDFi of Makhleb (Spider:3)
  An entropy weaver (Spider:3)
  Fannar (Lair:3)
  An ice dragon (Swamp:4)
  Harold (D:10)
  2 alligators
  A two-headed ogre (D:10)
  5 dancing weapons
  3 death yaks (Lair:4)
  A deep elf knight (Orc:2)
  2 skeletal warriors (D:13)
  2 swamp dragons (Lair:6)
  A deep elf archer (Elf:1)
  A necromancer (D:14)
  5 deep elf magi
  2 orc sorcerers (Orc:2)
  2 orb spiders (Spider:1)
  An ugly thing (D:13)
  4 elephants
  An apocalypse crab (Spider:2)
  A spiny frog (Lair:6)
  A torpor snail (Lair:6)
  2 demonic crawlers
  A yaktaur (Lair:6)
  An efreet (D:14)
  2 freezing wraiths (Swamp:4)
  4 jumping spiders
  2 hornets
  3 spriggans
  2 redbacks (Spider:3)
  4 tarantellas
  3 vampire mosquitoes (Swamp:3)
  A swamp worm simulacrum (Swamp:4)
  2 insubstantial wisps (Swamp:2)
  2 hydra simulacra (Swamp:4)
  A soldier ant (Spider:3)
  A hell hound (D:14)
  5 wolves (Lair:6)
  An orc warrior (Orc:1)
  A centaur (D:14)
  2 crocodiles
  A killer bee (D:8)
  2 orc priests
  2 worker ants (Spider:3)
  An ooze (Lair:6)
  2 worms (Lair:4)
  3 orcs
  A plant (Lair:6)
94 creatures vanquished.

Vanquished Creatures (others)
  A deep elf archer (Elf:1)
  An ugly thing (D:14)
  A black mamba (Lair:3)
  A komodo dragon (Lair:6)
  3 hornets
  A blink frog (Swamp:2)
  3 slime creatures (D:14)
  2 dancing weapons
  2 spriggans
  A redback (Spider:1)
  A tarantella (Spider:2)
  A boggart (Lair:6)
  An orc wizard (Orc:2)
  3 worker ants (Spider:3)
  A ball lightning (Spider:3)
  2 briar patches (Swamp:4)
  2 bushes
  28 fungi
  17 plants
72 creatures vanquished.

Grand Total: 1120 creatures vanquished

Notes
Turn   | Place    | Note
-------+----------+-------------------------------------------
     0 | D:1      | iamserjio the Felid Enchanter began the quest for the Orb.
     0 | D:1      | Reached XP level 1. HP: 7/7 MP: 4/4
   618 | D:1      | Reached XP level 2. HP: 12/12 MP: 6/6
   714 | D:1      | Reached skill level 3 in Dodging
  1836 | D:2      | Reached skill level 1 in Fighting
  1836 | D:2      | Reached XP level 3. HP: 14/15 MP: 7/7
  1849 | D:2      | Learned a level 3 spell: Confuse
  1852 | D:2      | Learned a level 2 spell: Ensorcelled Hibernation
  2055 | D:2      | Found a basalt altar of Yredelemnul.
  2500 | D:2      | Reached skill level 5 in Hexes
  2630 | D:2      | Found an ornate altar of the Wu Jian Council.
  2634 | D:2      | Found a stormy altar of Qazlal.
  2660 | D:2      | Found an ancient bone altar of Kikubaaqudgha.
  3326 | D:3      | Reached XP level 4. HP: 19/19 MP: 1/8
  3474 | D:3      | Noticed zero's ghost (amateur SpEn)
  3530 | D:3      | Noticed Natasha
  3534 | D:3      | Killed Natasha
  3689 | D:3      | Noticed Natasha
  3991 | D:3      | Killed Natasha
  3991 | D:3      | Reached XP level 5. HP: 22/22 MP: 2/9
  4204 | D:3      | Noticed Natasha
  4215 | D:3      | Killed Natasha
  4246 | D:4      | Noticed an ogre
  4635 | D:4      | Reached skill level 4 in Dodging
  4686 | D:4      | Found an opulent altar of Gozag.
  4869 | D:4      | Noticed a phantom
  4926 | D:4      | Killed a phantom
  4926 | D:4      | Reached skill level 5 in Stealth
  4926 | D:4      | Gained mutation: You are covered in thick fur. (AC +2) [Felid growth]
  4926 | D:4      | Reached XP level 6. HP: 23/25 MP: 2/10
  5024 | D:4      | Noticed a sky beast
  5047 | D:4      | Killed a sky beast
  5074 | D:4      | Found a shimmering altar of Xom.
  5333 | D:4      | Reached XP level 7. HP: 28/28 MP: 3/11
  5466 | D:4      | Found a staircase to the Ecumenical Temple.
  5472 | Temple   | Entered the Ecumenical Temple
  5477 | Temple   | Became a worshipper of Nemelex Xobeh the Trickster
  5651 | D:4      | Reached skill level 5 in Dodging
  5953 | D:5      | Entered Level 5 of the Dungeon
  5955 | D:5      | Received a gift from Nemelex Xobeh
  6171 | D:5      | Reached skill level 5 in Unarmed Combat
  6347 | D:5      | Reached skill level 1 in Invocations
  6586 | D:5      | Reached XP level 8. HP: 32/32 MP: 12/12
  7222 | D:6      | Noticed Edmund
  7233 | D:6      | Killed Edmund
  7237 | D:6      | Reached skill level 6 in Dodging
  8023 | D:6      | Reached skill level 7 in Dodging
  8223 | D:7      | Reached * piety under Nemelex Xobeh
  8231 | D:6      | Reached XP level 9. HP: 34/36 MP: 9/13
  8390 | D:7      | Noticed Prince Ribbit
  8415 | D:7      | Killed Prince Ribbit
  8531 | D:7      | Received a gift from Nemelex Xobeh
  8856 | D:7      | Learned a level 3 spell: Tukima's Dance
  8961 | D:7      | Found an iron altar of Okawaru.
  8961 | D:7      | Found a faded altar of an unknown god.
  8966 | D:7      | Found a glowing golden altar of the Shining One.
  8973 | D:7      | Noticed Menkaure
  8975 | D:7      | Found a deep blue altar of Sif Muna.
  8976 | D:7      | Found a faded altar of an unknown god.
  8979 | D:7      | Killed Menkaure
  9080 | D:7      | Reached skill level 8 in Dodging
  9083 | D:7      | Noticed Joseph
  9104 | D:7      | Killed Joseph
  9697 | D:8      | Received a gift from Nemelex Xobeh
 10146 | D:8      | Reached XP level 10. HP: 37/42 MP: 2/16
 10349 | D:8      | Noticed a two-headed ogre
 10354 | D:8      | Killed a two-headed ogre
 10354 | D:8      | Reached skill level 9 in Dodging
 10354 | D:8      | Reached skill level 10 in Hexes
 10627 | D:9      | Reached ** piety under Nemelex Xobeh
 10818 | D:9      | Noticed Uberwunderbarhen's ghost (novice TrMo)
 10903 | D:9      | Reached skill level 5 in Invocations
 11636 | D:9      | Killed Uberwunderbarhen's ghost
 11895 | D:9      | Received a gift from Nemelex Xobeh
 11938 | D:10     | Entered Level 10 of the Dungeon
 11938 | D:10     | Noticed a two-headed ogre
 12122 | D:10     | Reached skill level 10 in Dodging
 12209 | D:10     | Found a staircase to the Lair.
 12311 | D:10     | Reached skill level 5 in Fighting
 12465 | D:10     | Noticed a two-headed ogre
 12497 | D:10     | Noticed Harold
 12690 | D:10     | Reached XP level 11. HP: 48/48 MP: 18/18
 12779 | D:10     | Reached *** piety under Nemelex Xobeh
 12783 | D:10     | Received a gift from Nemelex Xobeh
 12810 | D:10     | Killed a two-headed ogre
 12931 | D:10     | Noticed a two-headed ogre
 12977 | D:10     | Killed a two-headed ogre
 13292 | D:9      | Reached skill level 11 in Dodging
 13558 | D:10     | Noticed Urug
 13587 | D:10     | Killed Urug
 14142 | D:10     | Killed Harold
 14253 | Lair:1   | Entered Level 1 of the Lair of Beasts
 14533 | D:11     | Found Wigin's Weapon Shoppe.
 14723 | D:11     | Noticed a two-headed ogre
 14749 | D:11     | Killed a two-headed ogre
 14749 | D:11     | Reached skill level 12 in Dodging
 14802 | D:11     | Reached skill level 10 in Unarmed Combat
 14872 | D:11     | Noticed a two-headed ogre
 14889 | D:11     | Killed a two-headed ogre
 15136 | D:11     | Noticed an unseen horror
 15184 | D:11     | Killed a two-headed ogre
 15325 | D:11     | Killed an unseen horror
 15325 | D:11     | Gained mutation: Your thick and shaggy fur keeps you warm. (AC +3, rC+) [Felid growth]
 15325 | D:11     | Reached XP level 12. HP: 39/53 MP: 11/19
 16489 | Lair:1   | Reached **** piety under Nemelex Xobeh
 16508 | Lair:1   | Reached skill level 13 in Dodging
 16759 | Lair:1   | Received a gift from Nemelex Xobeh
 17195 | Lair:2   | Received a gift from Nemelex Xobeh
 17309 | Lair:2   | Noticed Erica
 17322 | Lair:2   | Killed Erica
 17698 | Lair:3   | Received a gift from Nemelex Xobeh
 17781 | Lair:3   | Noticed a six-headed hydra
 18043 | Lair:3   | Noticed Fannar
 18060 | Lair:3   | Killed Fannar
 18080 | Lair:3   | Noticed a five-headed hydra
 18108 | Lair:3   | Killed a five-headed hydra
 18522 | Lair:3   | Reached ***** piety under Nemelex Xobeh
 18522 | Lair:3   | Received a gift from Nemelex Xobeh
 18754 | Lair:3   | Killed a six-headed hydra
 18754 | Lair:3   | Reached skill level 14 in Dodging
 19384 | Lair:3   | Received a gift from Nemelex Xobeh
 19991 | Lair:4   | Received a gift from Nemelex Xobeh
 20199 | Lair:4   | Noticed a death yak
 20221 | Lair:4   | Reached XP level 13. HP: 52/59 MP: 14/21
 20284 | Lair:4   | Reached skill level 5 in Spellcasting
 20398 | Lair:4   | Found a staircase to the Swamp.
 20405 | Lair:4   | Received a gift from Nemelex Xobeh
 20652 | Lair:4   | Found a hole to the Spider Nest.
 21653 | Lair:5   | Received a gift from Nemelex Xobeh
 22252 | Lair:6   | Entered Level 6 of the Lair of Beasts
 22265 | Lair:6   | Reached skill level 15 in Dodging
 22635 | Lair:6   | Received a gift from Nemelex Xobeh
 22863 | Lair:6   | Found a snail-covered altar of Cheibriados.
 23115 | Lair:6   | Reached skill level 10 in Fighting
 24684 | Lair:6   | Received a gift from Nemelex Xobeh
 25079 | Lair:6   | Reached XP level 14. HP: 66/66 MP: 13/22
 25145 | Lair:6   | Reached skill level 16 in Dodging
 25361 | Lair:6   | Found a staircase to the Slime Pits.
 26052 | D:12     | Found a staircase to the Orcish Mines.
 26080 | D:12     | Received a gift from Nemelex Xobeh
 26439 | D:12     | Received a gift from Nemelex Xobeh
 26563 | D:12     | Found a glowing silver altar of Zin.
 26701 | Orc:1    | Entered Level 1 of the Orcish Mines
 26713 | Orc:1    | Found a roughly hewn altar of Beogh.
 26713 | Orc:1    | Noticed Josephine
 26897 | Orc:1    | Noticed Maurice
 26905 | Orc:1    | Killed Josephine
 27208 | Orc:1    | Killed Maurice
 27369 | Orc:2    | Entered Level 2 of the Orcish Mines
 27371 | Orc:2    | Found Cocy's Antique Weapon Shop.
 29823 | Orc:2    | Found Siupn's Antique Armour Emporium.
 29823 | Orc:2    | Noticed an orc warlord
 29910 | Orc:1    | Noticed a stone giant
 30053 | Orc:2    | Found a staircase to the Elven Halls.
 30058 | Orc:2    | Received a gift from Nemelex Xobeh
 30132 | Elf:1    | Entered Level 1 of the Elven Halls
 30214 | Orc:2    | Found Iqolih's Book Boutique.
 30241 | Orc:2    | Found Kezin's General Store.
 30293 | Orc:2    | Killed an orc warlord
 30293 | Orc:2    | Reached skill level 10 in Invocations
 30325 | Orc:2    | Bought a potion of might for 56 gold pieces
 30325 | Orc:2    | Bought a potion of cancellation for 112 gold pieces
 30457 | Orc:2    | Bought a book of Cantrips for 260 gold pieces
 30457 | Orc:2    | Bought a book of Debilitation for 520 gold pieces
 30461 | Orc:2    | Learned a level 3 spell: Inner Flame
 30463 | Orc:2    | Learned a level 1 spell: Confusing Touch
 30468 | Orc:2    | Learned a level 4 spell: Cause Fear
 30471 | Orc:2    | Learned a level 2 spell: Slow
 30473 | Orc:2    | Learned a level 1 spell: Apportation
 30587 | Orc:1    | Killed a stone giant
 30907 | Orc:1    | Found a roughly hewn altar of Beogh.
 31456 | Elf:1    | Reached skill level 17 in Dodging
 32790 | Elf:1    | Received a gift from Nemelex Xobeh
 32845 | Elf:1    | Killed from afar by a deep elf mage
 32846 | Elf:1    | Reached XP level 13. HP: -10/64 MP: 0/21
 33024 | Elf:1    | HP: 3/64 [short sword of freezing (8)]
 34239 | D:13     | Reached XP level 14. HP: 57/69 MP: 5/22
 34704 | D:13     | Received a gift from Nemelex Xobeh
 35521 | D:13     | Noticed Erolcha
 35525 | D:13     | Killed Erolcha
 35621 | D:14     | Found a portal to a secret trove of treasure.
 35758 | D:14     | Found a gate to the Vaults.
 35789 | D:14     | Found a labyrinth entrance.
 35807 | Lab      | Entered a labyrinth
 36592 | Lab      | Received a gift from Nemelex Xobeh
 36614 | Lab      | Got a crude golden ring
 36621 | Lab      | Identified the Catalogue of Shifting Evil Rituals
 36621 | Lab      | Identified the Handbook of Aerial Moulding
 36846 | D:14     | Reached skill level 18 in Dodging
 36875 | D:14     | Noticed Azrael
 37407 | D:14     | Learned a level 5 spell: Yara's Violent Unravelling
 37516 | D:14     | Reached skill level 1 in Transmutations
 37558 | D:14     | Noticed Azrael
 37558 | D:14     | Azrael changed into Azrael the hell hog
 38436 | D:14     | Killed Azrael the hell hog
 38734 | D:14     | Received a gift from Nemelex Xobeh
 38891 | D:15     | Entered Level 15 of the Dungeon
 40066 | D:15     | HP: 3/70 [centaur warrior/arrow (22)]
 40500 | D:15     | Reached XP level 15. HP: 62/74 MP: 12/23
 40727 | D:15     | Reached skill level 5 in Transmutations
 41000 | D:15     | Received a gift from Nemelex Xobeh
 41031 | D:15     | Noticed Agnes
 41058 | D:15     | Killed Agnes
 41277 | D:15     | Gained mutation: You are weak. (Str -2) [a shining eye]
 41282 | D:15     | Gained mutation: You are very weak. (Str -4) [a shining eye]
 41785 | D:15     | Found a staircase to the Depths.
 41796 | Depths:1 | Entered Level 1 of the Depths
 41839 | Depths:1 | Found a gateway to a ziggurat.
 42039 | D:15     | Lost mutation: You are very weak. (Str -4) [potion of mutation]
 42039 | D:15     | Gained mutation: You are frail. (-10% HP) [potion of mutation]
 42039 | D:15     | Lost mutation: You are weak. (Str -2) [potion of mutation]
 42039 | D:15     | Gained mutation: You are partially covered in large bone plates. (SH +4) [potion of mutation]
 42180 | D:10     | Identified the ring of Reimbursement {Ice rPois} (You took it off a minotaur in a labyrinth)
 42291 | Swamp:1  | Entered Level 1 of the Swamp
 42740 | Swamp:1  | Received a gift from Nemelex Xobeh
 43344 | Swamp:2  | Noticed a thorn hunter
 43367 | Swamp:2  | Killed a thorn hunter
 44231 | Swamp:2  | Received a gift from Nemelex Xobeh
 44853 | Swamp:2  | Received a gift from Nemelex Xobeh
 44875 | Swamp:2  | Noticed a thorn hunter
 44886 | Swamp:2  | Killed a thorn hunter
 45645 | Swamp:3  | Received a gift from Nemelex Xobeh
 45977 | Swamp:3  | Reached ****** piety under Nemelex Xobeh
 46096 | Swamp:3  | Received a gift from Nemelex Xobeh
 47144 | Swamp:4  | Entered Level 4 of the Swamp
 47187 | Swamp:4  | Slain by a spriggan rider
 47188 | Swamp:4  | Reached XP level 14. HP: -2/64 MP: 0/23
 47233 | Swamp:4  | Noticed a thorn hunter
 47276 | Swamp:4  | Received a gift from Nemelex Xobeh
 47418 | Swamp:4  | Reached XP level 15. HP: 36/67 MP: 14/24
 47664 | Swamp:4  | Killed a thorn hunter
 47786 | Swamp:4  | Noticed an azure jelly
 47862 | Swamp:4  | Killed an azure jelly
 47972 | Swamp:4  | Killed by a card of wild magic
 47973 | Swamp:4  | Reached XP level 14. HP: -11/64 MP: 8/23
 48324 | Swamp:4  | Got a decaying rune of Zot
 48570 | Swamp:4  | Received a gift from Nemelex Xobeh
 48876 | Swamp:4  | Noticed a thorn hunter
 49702 | Spider:1 | Entered Level 1 of the Spider Nest
 50208 | Spider:1 | Noticed an emperor scorpion
 50281 | Spider:1 | Noticed Roxanne
 50457 | Spider:1 | Received a gift from Nemelex Xobeh
 50794 | Spider:1 | Killed an emperor scorpion
 50794 | Spider:1 | Reached skill level 10 in Stealth
 50794 | Spider:1 | Reached skill level 10 in Transmutations
 50808 | Spider:1 | Killed Roxanne
 50809 | Spider:1 | Identified Roxanne's Grimoire of Earth (You took it off Roxanne on level 1 of the Spider Nest)
 50822 | Spider:1 | Learned a level 1 spell: Sandblast
 51055 | Spider:1 | Reached skill level 1 in Earth Magic
 51092 | Spider:1 | HP: 3/64 [smoke demon/divine providence[the player character] (14)]
 51743 | Spider:2 | Received a gift from Nemelex Xobeh
 52117 | Spider:2 | Noticed Arachne
 52128 | Spider:2 | Killed Arachne
 52166 | Spider:2 | Received a gift from Nemelex Xobeh
 52805 | Spider:3 | Noticed an emperor scorpion
 52805 | Spider:3 | Noticed p0werm0de's ghost (journeyman DDFi)
 52824 | Spider:2 | Killed an emperor scorpion
 52837 | Spider:2 | Learned a level 4 spell: Petrify
 53175 | Spider:2 | Reached XP level 15. HP: 32/68 MP: 2/24
 53422 | Spider:4 | Entered Level 4 of the Spider Nest
 54191 | Spider:3 | Reached skill level 15 in Fighting
 54612 | Spider:3 | Killed p0werm0de's ghost
 55659 | Spider:3 | Reached skill level 5 in Earth Magic
 56495 | Spider:2 | HP: 3/103 [redback (7)]
 56496 | Spider:2 | Succumbed to a redback's poison

Vault maps used:
D:1:      dpeg_arrival_tiny_j
D:2:      lemuel_zombie_altar_yredelemnul, old_standard_altar, minitemple
D:3:      uniq_natasha
D:4:      lemuel_coloured_pillars_altar, lemuel_crystal_altar,
          minmay_temple_entry_enclosed_plants, minmay_crossroads
D:5:      first_ration, hangedman_abyss_or_decor_stabs
D:6:      uniq_edmund
D:7:      chequers_temple_overflow_minitemple, uniq_menkaure,
          uniq_prince_ribbit1, uniq_joseph
D:10:     minmay_lair_entry_grove, uniq_harold, uniq_urug
D:11:     serial_shops, shop
D:12:     zombieorc2_lemuel, basic_altar
D:13:     uniq_erolcha
D:14:     david_vaults_1, nicolae_trove_entry_crystal,
          hangedman_abyss_or_decor_stagger, lab_entry_generic,
          hangedman_fish_farm, uniq_azrael
D:15:     gammafunk_enter_depths_forms, hangedman_decor_growths,
          lightli_corner_chamber, uniq_agnes
Temple:   cyrus_circular_temple
Lair:1:   enter_volcano_3, minivault_19, grunt_megastairs_5, lemuel_fruit_tree
Lair:2:   small_statue_intersection, serial_bayou_shore_a, uniq_erica
Lair:3:   nicolae_quartered_pool_super, uniq_fannar
Lair:4:   minmay_swamp_entry_swarm, nicolae_spider_entry_non_spiders
Lair:5:   kilobyte_rumbling_trees
Lair:6:   minmay_lair_end_enchanted_forest, nicolae_slime_entry_slimehenge,
          kennysheep_snail_temple
Swamp:1:  evilmike_swamp_ruin_rubble_1
Swamp:2:  evilmike_swamp_ruin_rubble_2, cheibrodos_swamp_kobolds,
          infiniplex_staircase_pool
Swamp:3:  nicolae_swamp_treefoil, swamp_pool4, infiniplex_staircase_pool_2
Swamp:4:  swamp_icy
Spider:1: uniq_roxanne
Spider:2: uniq_arachne
Spider:3: minmay_another_anthill, nicolae_spider_cling_ruins
Spider:4: spider_rune_water, uniq_kirke
Orc:1:    basic_altar, nicolae_orc_lost_temple, uniq_josephine, uniq_maurice
Orc:2:    grunt_orc_gardens, grunt_orc_garden, grunt_orc_garden,
          grunt_orc_garden, grunt_orc_garden, nicolae_orc_bridge_out
Elf:1:    hangedman_elven_crosses_minicolossus
Depths:1: enter_ziggurat_a, grunt_hell_horde,
          hangedman_abyss_or_decor_jellyfish_corner, pan_entry,
          lightli_minifort, serial_bayou_shore_b, uniq_bai_suzhen, uniq_jorgrun,
          uniq_aizul
Lab:      labyrinth_mini_lab, lab_fountain, nicolae_lab_t_cross

Skill      XL: |  1  2  3  4  5  6  7  8  9 10 11 12 13 14 15 |
---------------+----------------------------------------------+-----
Dodging        | 3 4 5 7 8 10 12 14 15 18 | 18.6
Unarmed Combat | 2 3 4 5 6 8 9 10 11 13 | 13.8
Fighting       | 1 2 3 5 6 8 10 13 15 | 15.1
Hexes          | 5 6 7 8 9 10 12 13 | 13.0
Stealth        | 5 6 7 8 10 9 | 10.0
Invocations    | 1 3 4 5 7 8 9 11 | 11.0
Spellcasting   | 3 4 5 |  5.0
Transmutations | 10 8 | 10.0
Earth Magic    | 3 5 |  5.4

Action                   |  1- 3 |  4- 6 |  7- 9 | 10-12 | 13-15 || total
-------------------------+-------+-------+-------+-------+-------++-------
Melee: Unarmed           |   125 |   142 |   363 |   529 |  2665 ||  3824
       Bite              |     6 |     5 |    37 |    57 |   289 ||   394
       Punch             |     2 |     2 |     8 |    22 |   151 ||   185
 Cast: Corona            |     9 |     1 |     4 |       |     2 ||    16
       Confuse           |     7 |    24 |    83 |   109 |   530 ||   753
       Ensorcelled Hiber |       |     3 |     7 |   134 |    63 ||   207
       Tukima's Dance    |       |       |       |     2 |     4 ||     6
       Confusing Touch   |       |       |       |       |    11 ||    11
       Apportation       |       |       |       |       |     2 ||     2
       Cause Fear        |       |       |       |       |     1 ||     1
Invok: Triple Draw       |       |       |       |       |    17 ||    17
       Stack Five        |       |       |       |       |     2 ||     2
       Deal Four         |       |       |       |       |     1 ||     1
Evoke: Wand              |       |     8 |       |     3 |    16 ||    27
       Deck              |       |       |     2 |    11 |   156 ||   169
  Use: Scroll            |     4 |     2 |     1 |    10 |    30 ||    47
       Potion            |       |     1 |       |     5 |    20 ||    26
 Stab: Sleeping          |     6 |    10 |    24 |    65 |    59 ||   164
       Confused          |     6 |    12 |    41 |    46 |   253 ||   358
       Distracted        |       |       |     1 |     2 |    11 ||    14
       Paralysed         |       |       |       |     1 |     3 ||     4
       Petrified         |       |       |       |       |     7 ||     7
       Petrifying        |       |       |       |       |     1 ||     1
       Held in net/web   |       |       |       |       |     1 ||     1
  Eat: Chunk             |     8 |    11 |    17 |    38 |   108 ||   182
       Ration            |       |       |       |       |     4 ||     4
Armor: Skin              |     3 |     6 |    10 |     7 |    60 ||    86
Dodge: Dodged            |    80 |   105 |   216 |   463 |  2834 ||  3698
Block: Other             |       |       |       |       |   154 ||   154

Table legend:
 A = Spawn XP
 B = Non-spawn XP
 C = Spawn XP percentage of total XP
 D = Spawn monster count
 E = Non-spawn monster count
 F = Spawn count percentage of total count
 G = Total turns spent on level
                    A         B        C        D         E        F      G
               +---------+---------+-------+---------+---------+-------+---------
         Total |       0 |  242839 |   0.0 |       0 |    1058 |   0.0 | 56496
               +---------+---------+-------+---------+---------+-------+---------
           D:1 |       0 |      25 |   0.0 |       0 |      11 |   0.0 |  1752
           D:2 |       0 |      44 |   0.0 |       0 |      18 |   0.0 |  1415
           D:3 |       0 |     197 |   0.0 |       0 |      23 |   0.0 |  1180
           D:4 |       0 |     764 |   0.0 |       0 |      28 |   0.0 |  1595
           D:5 |       0 |     705 |   0.0 |       0 |      21 |   0.0 |  1193
           D:6 |       0 |    1216 |   0.0 |       0 |      32 |   0.0 |  1339
           D:7 |       0 |    1398 |   0.0 |       0 |      13 |   0.0 |  1081
           D:8 |       0 |    3224 |   0.0 |       0 |      38 |   0.0 |  1562
           D:9 |       0 |    2502 |   0.0 |       0 |      23 |   0.0 |  1308
          D:10 |       0 |    7054 |   0.0 |       0 |      39 |   0.0 |  2155
          D:11 |       0 |    5346 |   0.0 |       0 |      23 |   0.0 |  1425
          D:12 |       0 |    3418 |   0.0 |       0 |      57 |   0.0 |  1624
          D:13 |       0 |   10421 |   0.0 |       0 |      36 |   0.0 |  1708
          D:14 |       0 |   17792 |   0.0 |       0 |      66 |   0.0 |  3005
          D:15 |       0 |   22964 |   0.0 |       0 |      43 |   0.0 |  2597
        Lair:1 |       0 |    5056 |   0.0 |       0 |      26 |   0.0 |  1215
        Lair:2 |       0 |    2657 |   0.0 |       0 |      12 |   0.0 |  1210
        Lair:3 |       0 |    5575 |   0.0 |       0 |      17 |   0.0 |  1534
        Lair:4 |       0 |    8098 |   0.0 |       0 |      38 |   0.0 |  1978
        Lair:5 |       0 |    4872 |   0.0 |       0 |      20 |   0.0 |  1216
        Lair:6 |       0 |   18671 |   0.0 |       0 |      88 |   0.0 |  3041
       Swamp:1 |       0 |    8049 |   0.0 |       0 |      22 |   0.0 |  1417
       Swamp:2 |       0 |   16757 |   0.0 |       0 |      46 |   0.0 |  1994
       Swamp:3 |       0 |    6805 |   0.0 |       0 |      24 |   0.0 |  1358
       Swamp:4 |       0 |   18193 |   0.0 |       0 |      61 |   0.0 |  2417
      Spider:1 |       0 |   17891 |   0.0 |       0 |      50 |   0.0 |  1524
      Spider:2 |       0 |   12855 |   0.0 |       0 |      27 |   0.0 |  4153
      Spider:3 |       0 |   10099 |   0.0 |       0 |      45 |   0.0 |   881
         Orc:1 |       0 |    7854 |   0.0 |       0 |      42 |   0.0 |  2490
         Orc:2 |       0 |    8932 |   0.0 |       0 |      43 |   0.0 |  2618
         Elf:1 |       0 |   10962 |   0.0 |       0 |      23 |   0.0 |  1578
      Depths:1 |       0 |     946 |   0.0 |       0 |       1 |   0.0 |    99
           Lab |       0 |    1497 |   0.0 |       0 |       2 |   0.0 |   821
               +---------+---------+-------+---------+---------+-------+---------
